 Dungeon Crawl Stone Soup version 0.22.0-6-g71bd7aa6b3 (webtiles) character file.

5728 Htamos the Archer (level 10, -2/91 HPs)
             Began as a Centaur Earth Elementalist on Aug 14, 2018.
             Was an Elder of Okawaru.
             Slain by a black mamba (13 damage)
             ... on level 1 of the Lair of Beasts.
             The game lasted 00:43:09 (17256 turns).

Htamos the Archer (Centaur Earth Elementalist)     Turns: 17256, Time: 00:43:09

Health: -2/91      AC:  9    Str: 14    XL:     10   Next: 48%
Magic:  3/12       EV:  7    Int: 19    God:    Okawaru [****..]
Gold:   471        SH:  0    Dex: 10    Spells: 11/12 levels left

rFire    + . .     SeeInvis .   b - +0 trident (pierce)
rCold    + . .     Gourm    .   (no shield)
rNeg     . . .     Faith    .   v - +0 scale mail {rC+}
rPois    .         Spirit   .   t - +0 helmet
rElec    .         Reflect  .   g - scarf {repulsion}
rCorr    .         Harm     .   (no gloves)
MR       .....                  (no barding)
Stlth    ..........             C - amulet of the acrobat
HPRegen  0.25/turn              x - +5 ring of intelligence
MPRegen  0.13/turn              I - ring of protection from fire

@: lethally poisoned (-2 -> -10), very slightly contaminated, repel missiles,
very quick
A: large, hooves 3, deformed body, speed 2, tough skin 3
a: Heroism, Renounce Religion


You were on level 1 of the Lair of Beasts.
You worshipped Okawaru.
Okawaru was greatly pleased with you.
You were not hungry.

You visited 3 branches of the dungeon, and saw 11 of its levels.

You collected 549 gold pieces.
You spent 78 gold pieces at shops.

Inventory:

Hand Weapons
 a - a +1 shortbow
 b - a +0 trident of piercing (weapon)
 i - a +0 dagger of chaos
 l - a +1 short sword of holy wrath
 B - a +0 blowgun
Missiles
 w - 92 stones (quivered)
 A - 8 poisoned needles
 J - 16 arrows
Armour
 c - a +0 robe
 g - a scarf of repulsion (worn)
 j - a +0 ring mail
 q - a +3 plate armour
 t - a +0 helmet (worn)
 v - a +0 scale mail of cold resistance (worn)
 E - a +0 chain mail
Magical Staves
 d - an uncursed staff of cold {unknown}
Jewellery
 x - a +5 ring of intelligence (left hand)
 C - an amulet of the acrobat (around neck)
 I - a ring of protection from fire (right hand)
Wands
 s - a wand of digging (14)
Scrolls
 f - a scroll of enchant weapon
 k - 8 scrolls of remove curse
 o - 3 scrolls of noise
 p - 2 scrolls of amnesia {unknown}
 r - a scroll of immolation
Potions
 e - a potion of magic
 h - a potion of cancellation {unknown}
 m - 2 potions of agility
 n - 2 potions of curing
 D - a potion of brilliance
 H - a potion of haste
Comestibles
 G - 7 rations


   Skills:
 + Level 9.0 Fighting
 * Level 11.6 Bows
 + Level 6.8 Armour
 - Level 1.5 Dodging
 - Level 1.2 Stealth
 - Level 1.7 Spellcasting
   Level 0.8 Transmutations
 - Level 2.8 Earth Magic


You had 11 spell levels left.
You knew the following spells:

 Your Spells              Type           Power        Failure   Level  Hunger
a - Sandblast             Erth           ##....       19%         1    #......

Your spell library contained the following spells:

 Spells                   Type           Power        Failure   Level  Hunger
 Stone Arrow              Conj/Erth      #.....       71%         3    ###....
 Passwall                 Tmut/Erth      #.......     41%         2    ###....
 Lee's Rapid Deconstruct  Erth           ##........   99%         5    ######.
 Petrify                  Tmut/Erth      #.......     96%         4    #####..


Dungeon Overview and Level Annotations

Branches:
Dungeon (9/15)             Temple (1/1) D:4            Lair (1/6) D:9
    Orc: D:9-12

Altars:
Ashenzari
Cheibriados
Dithmenos
Elyvilon
Fedhas
Gozag
Hepliaklqana
Makhleb
Okawaru
Qazlal
Ru
Sif Muna
Uskayaw
Vehumet
Wu Jian
Xom
Zin
The Shining One

Shops:
D:4 =

Annotations:
D:2 exclusion: downstairs
D:4 Prince Ribbit
D:6 exclusion: downstairs
D:7 exclusion: downstairs
D:8 exclusion: downstairs
D:9 Erica


Innate Abilities, Weirdness & Mutations

You have hooves in place of feet.
Armour fits poorly on your strangely shaped body.
You cover ground very quickly.
You have extremely tough skin. (AC +3)


Message History

The black mamba bites you!
* * * LOW HITPOINT WARNING * * *
Casting: Sandblast (safe; 19% risk of failure)
Confirm with . or Enter, or press ? or * to list all spells.
Aiming: Sandblast (safe; 19% risk of failure)
Press: ? - help, Shift-Dir - straight line, f/p - black mamba
Aim: a black mamba (severely wounded)
You miscast Sandblast.
Sand pours from your hands.
You feel sick. The black mamba bites you!
* * * LOW HITPOINT WARNING * * *
Casting: Sandblast (safe; 19% risk of failure)
Confirm with . or Enter, or press ? or * to list all spells.
Aiming: Sandblast (safe; 19% risk of failure)
Press: ? - help, Shift-Dir - straight line, f/p - black mamba
Aim: a black mamba (severely wounded)
You miscast Sandblast.
Nothing appears to happen.
You feel sick. The black mamba bites you!
* * * LOW HITPOINT WARNING * * *
The black mamba bites you!
You die...

#.# #####.............# **,,,
### #..........##.# *,,,, #
###..#....##*##***,,,, #
*#*####..#.### **,,,,,, #
**..#..###..## **,,,,,,, #
**,......P#...###**,,,,,,,, #
***,,.....P..#[...#.,,,,,,,,,
*,,,,..........#.....,,,,,,,,
**,,,.......@...##...,,,,,,,,
*,,,.......S....#,.#,,,,,,,,
*,,,............#,*#,,,,,,,,
**,,..............#**,,,,,,,
*,,.....=.........**,,,,,,,
*,,...............**,,,,,,,
*,,...............**,,,,,,,
***.............##*****,*,,
*,,,,,,,,,,,,** *****


You could see a black mamba.

Vanquished Creatures
  2 spiny frogs (Lair:1)
  A troll (D:6)
  2 hippogriffs
  8 yaks
  A hungry ghost (D:4)
  2 basilisks (Lair:1)
  3 porcupines (Lair:1)
  A water moccasin (D:8)
  A black bear (D:6)
  2 orc warriors
  2 centaurs (D:6)
  3 ogres
  4 crocodiles
  2 big kobolds
  5 bullfrogs
  2 scorpions
  3 wights (D:8)
  4 crimson imps
  A jelly (D:7)
  A quasit (D:9)
  A centaur zombie (D:7)
  A hound (D:5)
  3 orc priests
  2 bullfrog skeletons
  3 orc wizards
  3 iguanas
  6 worker ants
  A killer bee zombie (D:7)
  Robin (D:2)
  10 adders
  3 shadow imps
  An ooze (D:5)
  An adder zombie (D:6)
  3 worms
  3 dart slugs
  5 leopard geckos
  28 orcs
  7 bats
  5 giant cockroaches
  10 goblins
  13 hobgoblins
  19 jackals
  A ball python (D:1)
  2 frilled lizards
  A giant cockroach zombie (D:5)
  5 kobolds
  2 leopard gecko skeletons
  A leopard gecko zombie (D:8)
  4 rats
195 creatures vanquished.

Vanquished Creatures (others)
  5 fungi (Lair:1)
  6 plants (Lair:1)
11 creatures vanquished.

Grand Total: 206 creatures vanquished

Notes
Turn   | Place    | Note
-------+----------+-------------------------------------------
     0 | D:1      | Htamos the Centaur Earth Elementalist began the quest for the Orb.
     0 | D:1      | Reached XP level 1. HP: 14/14 MP: 3/3
   212 | D:1      | Reached XP level 2. HP: 20/20 MP: 0/4
   650 | D:1      | Reached skill level 1 in Fighting
   756 | D:1      | Reached XP level 3. HP: 22/28 MP: 5/5
  1191 | D:2      | Found a glowing golden altar of the Shining One.
  1212 | D:2      | Reached skill level 1 in Armour
  1272 | D:2      | Became a worshipper of the Shining One
  2109 | D:2      | Found a blossoming altar of Fedhas.
  2247 | D:3      | Noticed Robin
  2456 | D:3      | Reached XP level 4. HP: 36/36 MP: 1/6
  2486 | D:2      | Killed Robin
  3162 | D:3      | Reached XP level 5. HP: 44/44 MP: 7/7
  4200 | D:4      | Found a hide-covered altar of Uskayaw.
  4201 | D:4      | Noticed a hand axe
  4201 | D:4      | Noticed a hand axe
  4228 | D:4      | Found an opulent altar of Gozag.
  4229 | D:4      | Found a hazy altar of Hepliaklqana.
  4257 | D:4      | Found a staircase to the Ecumenical Temple.
  4309 | Temple   | Entered the Ecumenical Temple
  4342 | Temple   | Fell from the grace of the Shining One
  4345 | Temple   | Became a worshipper of Warmaster Okawaru
  4402 | D:4      | Noticed a hungry ghost
  4508 | D:4      | Killed a hungry ghost
  4508 | D:4      | Reached XP level 6. HP: 52/52 MP: 1/8
  4862 | D:4      | Reached * piety under Okawaru
  4995 | D:4      | Found Opureyfoe's Jewellery Shoppe.
  5054 | D:4      | Bought a cursed amulet of inaccuracy for 24 gold pieces
  5054 | D:4      | Bought a cursed ring of teleportation for 54 gold pieces
  5689 | D:4      | Reached XP level 7. HP: 53/60 MP: 9/9
  5759 | D:5      | Entered Level 5 of the Dungeon
  5799 | D:5      | Reached skill level 5 in Fighting
  6484 | D:5      | Noticed Prince Ribbit
  7946 | D:6      | Found a stormy altar of Qazlal.
  8393 | D:6      | Reached XP level 8. HP: 70/70 MP: 10/10
  8443 | D:6      | Reached skill level 1 in Bows
  8708 | D:5      | Reached skill level 2 in Bows
  9418 | D:6      | Reached skill level 3 in Bows
 10120 | D:6      | Reached skill level 4 in Bows
 10120 | D:6      | Reached skill level 5 in Armour
 10536 | D:6      | Reached skill level 5 in Bows
 10632 | D:7      | Reached ** piety under Okawaru
 10933 | D:6      | Reached skill level 6 in Bows
 11067 | D:7      | Reached XP level 9. HP: 79/79 MP: 11/11
 11120 | D:7      | Noticed a troll
 11358 | D:6      | Killed a troll
 11358 | D:6      | Reached skill level 7 in Bows
 11930 | D:7      | Reached skill level 8 in Bows
 12007 | D:7      | Reached *** piety under Okawaru
 12094 | D:7      | Reached skill level 9 in Bows
 13826 | D:8      | Found a burning altar of Makhleb.
 13826 | D:8      | Found a shimmering altar of Xom.
 14226 | D:9      | Noticed Erica
 14870 | D:9      | Found a staircase to the Lair.
 14895 | D:8      | Reached skill level 10 in Bows
 15033 | D:9      | Reached XP level 10. HP: 71/89 MP: 12/12
 15170 | Lair:1   | Entered Level 1 of the Lair of Beasts
 15179 | Lair:1   | Noticed a spiny frog
 15195 | Lair:1   | Killed a spiny frog
 15202 | Lair:1   | Reached **** piety under Okawaru
 15202 | Lair:1   | Received a gift from Okawaru
 16262 | Lair:1   | Noticed a spiny frog
 16267 | Lair:1   | Killed a spiny frog
 16267 | Lair:1   | Reached skill level 11 in Bows
 16276 | Lair:1   | Noticed a seven-headed hydra
 16277 | Lair:1   | Noticed a spiny frog
 17222 | Lair:1   | Noticed a black mamba
 17256 | Lair:1   | Slain by a black mamba

Skill      XL: |  1  2  3  4  5  6  7  8  9 10 |
---------------+-------------------------------+-----
Fighting       | 1 2 3 4 6 7 8 9 |  9.0
Armour         | 1 2 3 4 5 6 |  6.8
Bows           | 6 10 11 | 11.6
Dodging        | |  1.5
Stealth        | |  1.2
Spellcasting   | |  1.7
Transmutations | |  0.8
Earth Magic    | |  2.8

Action                   |  1- 3 |  4- 6 |  7- 9 | 10-12 || total
-------------------------+-------+-------+-------+-------++-------
Melee: Hand axe          |    25 |       |       |       ||    25
       Short sword       |    90 |    85 |    17 |       ||   192
       Kick              |    16 |    11 |    16 |     1 ||    44
       Trident           |       |       |   112 |    36 ||   148
 Fire: Hunting sling     |       |   160 |   131 |       ||   291
       Shortbow          |       |       |   513 |   104 ||   617
       Blowgun           |       |       |    33 |     8 ||    41
Throw: Stone             |       |       |     1 |    11 ||    12
 Cast: Sandblast         |    18 |    18 |       |     7 ||    43
Invok: Renounce Religion |       |     1 |       |       ||     1
       Heroism           |       |       |     8 |     2 ||    10
Evoke: Wand              |       |       |     7 |    13 ||    20
  Use: Scroll            |       |       |    16 |     3 ||    19
       Potion            |       |       |       |     5 ||     5
  Eat: Chunk             |     4 |     6 |    17 |     6 ||    33
       Ration            |       |     1 |     2 |       ||     3
Armor: Robe              |    13 |       |       |       ||    13
       Ring mail         |    53 |     7 |       |       ||    60
       Scale mail        |       |   102 |   153 |    15 ||   270
       Skin              |       |     1 |       |    27 ||    28
Dodge: Dodged            |    74 |    54 |   100 |    26 ||   254
       Deflected         |     1 |     8 |    12 |     1 ||    22
